 Dungeon Crawl Stone Soup version 0.19.0-24-gb05acd6 (webtiles) character file.

49 Leibowitz the Vexing (level 3, -1/26 HPs)
             Began as a Demigod Enchanter on Nov 20, 2016.
             Slain by Natasha (7 damage)
             ... on level 1 of the Dungeon.
             The game lasted 00:03:53 (1619 turns).

Leibowitz the Vexing (Demigod Enchanter)            Turns: 1619, Time: 00:03:54

Health: -1/26      AC:  3    Str: 11    XL:     3   Next: 32%
Magic:  0/9        EV: 13    Int: 21    God:
Gold:   39         SH:  0    Dex: 16    Spells: 2 memorised, 3 levels left

rFire  . . .     SeeInvis .     a - +1 dagger
rCold  . . .     Gourm    .     b - +1 robe
rNeg   . . .     Faith    .     (no shield)
rPois  .         Spirit   .     (no helmet)
rElec  .         Reflect  .     (no cloak)
rCorr  .         Harm     .     (no gloves)
MR     .....                    (no boots)
Stlth  ++........               (no amulet)
                                (no ring)
                                (no ring)

@: no status effects
A: high mp 1
a: no special abilities


You were on level 1 of the Dungeon.
You were not hungry.

You visited 1 branch of the dungeon, and saw 2 of its levels.

You collected 39 gold pieces.

Inventory:

Hand Weapons
 a - a +1 dagger (weapon)
Armour
 b - a +1 robe (worn)
Scrolls
 e - a scroll of remove curse {unknown}
 f - a scroll of immolation {unknown}
 h - a scroll of enchant weapon {unknown}
 i - a scroll of recharging {unknown}
 j - a scroll of enchant armour {unknown}
 m - a scroll of identify {unknown}
Potions
 k - 2 potions of curing {unknown}
 n - a potion of lignification {unknown}
Books
 c - a book of Maledictions

   Spells                             Type                      Level
   a - Corona                         Hexes                        1
   b - Ensorcelled Hibernation        Hexes/Ice                    2
   c - Confuse                        Hexes                        3
   d - Tukima's Dance                 Hexes                        3
   e - Dazzling Spray                 Conjuration/Hexes            3
Comestibles
 d - a bread ration
 g - a slice of pizza


   Skills:
 + Level 1.2 Short Blades
 + Level 2.0 Dodging
 + Level 2.9 Stealth
 * Level 2.3 Spellcasting
 * Level 3.3 Hexes


You had 3 spell levels left.
You knew the following spells:

 Your Spells              Type           Power        Failure   Level  Hunger
a - Corona                Hex            ###....      4%          1    #......
b - Ensorcelled Hibernat  Hex/Ice        #.....       12%         2    ##.....


Dungeon Overview and Level Annotations

Branches:
Dungeon (2/15)

Annotations:
D:1 Natasha


Innate Abilities, Weirdness & Mutations

You have an increased reservoir of magic. (+10% MP)


Message History

Natasha claws you.
There is a stone staircase leading up here.
Natasha claws you!
You climb upwards.
The white imp disappears in a puff of smoke!
There is a stone staircase leading down here.
Casting: Ensorcelled Hibernation
Confirm with . or Enter, or press ? or * to list all spells.
Aiming: Ensorcelled Hibernation
Press: ? - help, Shift-Dir - straight line, f - Natasha
Aim: Natasha (chance to defeat MR: 40%) Natasha resists with some effort.
Natasha claws you!
* * * LOW HITPOINT WARNING * * *
Casting: Ensorcelled Hibernation
Confirm with . or Enter, or press ? or * to list all spells.
Aiming: Ensorcelled Hibernation
Press: ? - help, Shift-Dir - straight line, f/p - Natasha
Aim: Natasha (chance to defeat MR: 40%) Natasha resists with some effort.
Natasha claws you!
You die...

### #........# #.###.####.###
#.....# #.# ###'##### #.# ######
#....#######'#####....#
######....##.........##..."# ####
....##....##.........##....###...
.................................
................@................
.................h...##....#.....
....#................##....#.....
#'#.#.................#....#.....
#.#.#.................#########+#
#.#.#............................
#.#'##.......###'#...........(...
#.......'#######.#..)............
........'........................


You could see Natasha.

Vanquished Creatures
  A gnoll (D:1)
  An adder (D:2)
  A dart slug (D:1)
  A ball python (D:1)
  4 bats (D:1)
  3 giant cockroaches (D:1)
  A goblin (D:1)
  2 hobgoblins (D:1)
  4 jackals (D:1)
  3 frilled lizards (D:1)
  A kobold (D:1)
  8 rats (D:1)
30 creatures vanquished.

Notes
Turn   | Place    | Note
-------+----------+-------------------------------------------
     0 | D:1      | Leibowitz the Demigod Enchanter began the quest for the Orb.
     0 | D:1      | Reached XP level 1. HP: 14/14 MP: 5/5
   277 | D:1      | Reached skill level 3 in Hexes
   498 | D:1      | Reached XP level 2. HP: 19/20 MP: 7/7
   502 | D:1      | Learned a level 2 spell: Ensorcelled Hibernation
   550 | D:1      | Reached skill level 1 in Short Blades
  1169 | D:1      | Reached XP level 3. HP: 19/26 MP: 3/8
  1597 | D:2      | Found a shimmering altar of Xom.
  1602 | D:2      | Noticed Natasha
  1619 | D:1      | Slain by Natasha

Skill      XL: |  1  2  3 |
---------------+----------+-----
Hexes          | 3 |  3.3
Spellcasting   | 2 |  2.3
Short Blades   | 1 |  1.2
Dodging        | 2 |  2.0
Stealth        | |  2.9

Action                   || total
-------------------------++-------
Melee: Dagger            ||    90
 Cast: Corona            ||     8
       Ensorcelled Hiber ||    12
 Stab: Sleeping          ||     7
  Eat: Chunk             ||     3
Armor: Robe              ||    19
Dodge: Dodged            ||    64
